 Dungeon Crawl Stone Soup version 0.24-a0-275-g6f7e2cb (webtiles) character file.

Game seed: 4503002128470964813

380 mhoghedin the Skirmisher (level 6, -10/51 HPs)
             Began as a Mummy Fighter on Apr 27, 2019.
             Mangled by a mummy (15 damage)
             ... on level 4 of the Dungeon.
             The game lasted 00:06:01 (3180 turns).

mhoghedin the Skirmisher (Mummy Fighter)            Turns: 3180, Time: 00:06:02

Health: -10/51     AC:  6    Str: 21    XL:     6   Next: 46%
Magic:  6/6        EV:  7    Int:  7    God:
Gold:   191        SH: 10    Dex: 12    Spells: 5/5 levels left

rFire    x . .     SeeInvis .   m - +4 club
rCold    + . .     Gourm    .   c - +1 shield
rNeg     + + +     Faith    .   b - +0 scale mail
rPois    ∞         Spirit   .   (no helmet)
rElec    .         Reflect  .   (no cloak)
rCorr    +         Harm     .   (no gloves)
MR       .....                  (no boots)
Stlth    ..........             (no amulet)
HPRegen  0.17/turn              f - ring of resist corrosion
MPRegen  0.10/turn              (no ring)

@: no status effects
A: no food or potions, fire vulnerability, cold resistance 1, negative energy
resistance 3, torment resistance, unbreathing
a: no special abilities


You were on level 4 of the Dungeon.
You were not hungry.

You visited 1 branch of the dungeon, and saw 4 of its levels.
You also visited: Ossuary.

You collected 191 gold pieces.

Inventory:

Hand Weapons
 a - a +0 flail
 h - a +1 dagger of venom
   (You took it off a goblin on level 1 of the Dungeon)
 m - a +4 club (weapon)
   (You took it off Robin on level 3 of the Dungeon)
Armour
 b - a +0 scale mail (worn)
 c - a +1 shield (worn)
 k - a cursed +0 cloak
   (You found it on level 4 of the Dungeon)
 n - a +0 helmet
   (You took it off Robin on level 3 of the Dungeon)
Jewellery
 f - a ring of resist corrosion (left hand)
   (You found it on level 1 of the Dungeon)
Scrolls
 d - 2 scrolls of remove curse
 e - a scroll of enchant armour
 g - a scroll of random uselessness
 i - 2 scrolls of teleportation
 j - a scroll of blinking {!r}


   Skills:
 + Level 5.5 Fighting
 + Level 4.1 Maces & Flails
 - Level 2.4 Armour
 - Level 0.2 Dodging
 - Level 2.4 Shields


You had 5 spell levels left.
You didn't know any spells.
Your spell library was empty.

Dungeon Overview and Level Annotations

Branches:
Dungeon (4/15)
 Temple: D:4-7

Altars:
Cheibriados
Hepliaklqana
Okawaru
The Shining One


Innate Abilities, Weirdness & Mutations

You do not eat or drink.
Your flesh is vulnerable to fire.
You are immune to poison.
Your flesh is cold resistant. (rC+)
You are immune to negative energy. (rN+++)
You are immune to unholy pain and torment.
You can survive without breathing.


Message History

Found a stone staircase leading up.
You open the door.
A mummy comes into view.
Found a sand-covered staircase.
There is an open door here.
The mummy hits you but does no damage.
You hit the mummy. You block the mummy's attack.
Health restored: 51 You thump the mummy!
You hit the mummy. You block the mummy's attack.
You hit the mummy.
You destroy the mummy!
There is a sand-covered staircase here.
The world spins around you as you enter the gateway.
You enter an ossuary! 12 zombies come into view.
Found a gate leading back out of this place.
There is an empty arch of ancient stone here.
You can't drink.
Sorry, you're not good enough to have a special ability.
The rat zombie barely misses you. The elf zombie barely misses you.
You block the rat zombie's attack. The rat zombie bites you.
You take 2 damage, and have 49/51 hp.
A mummy comes into view.
The rat zombie bites you but does no damage.
The jackal zombie barely misses you. The orc zombie hits you.
You take 3 damage, and have 46/51 hp.
You block the jackal zombie's attack. The jackal zombie barely misses you.
Found a gate leading back out of this place.
You hit the jackal zombie.
The jackal zombie bites you but does no damage.
You thump the jackal zombie!
You destroy the jackal zombie!
The jackal zombie barely misses you.
You sock the rat zombie!
You destroy the rat zombie!
The jackal zombie bites you but does no damage.
You block the jackal zombie's attack.
You hit the jackal zombie. The jackal zombie barely misses you.
You block the jackal zombie's attack.
The jackal zombie bites you but does no damage.
The jackal zombie bites you but does no damage.
There is a gate leading back out of this place here.
You completely miss the jackal zombie.
You block the jackal zombie's attack. x2
You hit the jackal zombie.
You destroy the jackal zombie!
The jackal zombie barely misses you. x2
You barely miss the elf zombie.
The jackal zombie bites you but does no damage.
The elf zombie hits you.
You take 4 damage, and have 44/51 hp.
You hit the elf zombie. You block the jackal zombie's attack.
You block the elf zombie's attack.
The jackal zombie bites you but does no damage.
You hit the elf zombie. The elf zombie barely misses you.
You hit the elf zombie.
The elf zombie hits you but does no damage.
You thump the elf zombie!
The elf zombie hits you but does no damage.
You barely miss the elf zombie. The mummy hits you!
You block the elf zombie's attack.
You take 7 damage, and have 37/51 hp.
You barely miss the elf zombie. The elf zombie barely misses you.
The mummy hits you.
You take 5 damage, and have 32/51 hp.
You sock the elf zombie! The elf zombie barely misses you.
The mummy hits you but does no damage.
You sock the elf zombie! The elf zombie hits you.
You take 2 damage, and have 30/51 hp.
You are too injured to fight recklessly!
You are too injured to fight recklessly!
You are too injured to fight recklessly!
You are too injured to fight recklessly!
You hit the elf zombie but do no damage.
You block the mummy's attack. The elf zombie barely misses you.
You hit the elf zombie. The elf zombie barely misses you.
The mummy closely misses you.
You hit the elf zombie but do no damage.
The elf zombie hits you but does no damage.
You hit the elf zombie. You block the mummy's attack.
You block the elf zombie's attack.
You hit the elf zombie. The mummy hits you! You block the elf zombie's attack.
You take 11 damage, and have 20/51 hp.
MASSIVE DAMAGE!!
Unknown command.
You sock the elf zombie! The mummy hits you!
* * * LOW HITPOINT WARNING * * *
You block the elf zombie's attack.
You take 14 damage, and have 6/51 hp.
MASSIVE DAMAGE!!
Unknown command.
The elf zombie hits you.
* * * LOW HITPOINT WARNING * * *
Welcome back to the Dungeon!
There is a collapsed entrance here.
You take 1 damage, and have 5/51 hp.
You hit the mummy. The mummy hits you!
You die...

######.......... ###
##........# ....# ..#
##........# ....##
#.####.......... #....
....##.......... #...#
#...##...(...... ###...#
..#..#..........##.#...#
#..............##..#...#
#####..!......##@M.'..# ##
#..........##..#..# .#
#...##......##.#..#
.#####...........###.##
...###............##.#
.#......##.....##..#.#
.######........###...#
.........#.......>.....<....
###..######.####.####.......


You could see a mummy.

Vanquished Creatures
  An ogre (D:3)
  A scorpion (D:4)
  2 orc wizards (D:3)
  A mummy (D:4)
  Robin (D:3)
  A gnoll (D:4)
  5 adders
  4 worms (D:2)
  7 dart slugs
  4 leopard geckos
  5 orcs (D:3)
  2 ball pythons
  2 giant cockroaches
  9 goblins
  8 hobgoblins
  6 jackals
  6 kobolds
  A quokka (D:3)
  6 bats
  2 frilled lizards (D:2)
  2 jackal zombies (Ossuary)
  8 rats
  A rat zombie (Ossuary)
85 creatures vanquished.

Notes
Turn   | Place    | Note
-------+----------+-------------------------------------------
     0 | D:1      | mhoghedin the Mummy Fighter began the quest for the Orb.
     0 | D:1      | Reached XP level 1. HP: 18/18 MP: 1/1
   166 | D:1      | Reached XP level 2. HP: 9/24 MP: 2/2
   472 | D:1      | Reached skill level 2 in Maces & Flails
   846 | D:2      | Reached XP level 3. HP: 28/29 MP: 3/3
  1067 | D:2      | Found a snail-covered altar of Cheibriados.
  1067 | D:2      | Found a faded altar of an unknown god.
  1072 | D:2      | Found an iron altar of Okawaru.
  1074 | D:2      | Found a faded altar of an unknown god.
  1076 | D:2      | Found a hazy altar of Hepliaklqana.
  1110 | D:2      | Reached skill level 4 in Fighting
  1110 | D:2      | Reached XP level 4. HP: 36/37 MP: 4/4
  1608 | D:3      | Reached skill level 3 in Maces & Flails
  1612 | D:3      | HP: 9/38 [rat (3)]
  1614 | D:3      | Reached XP level 5. HP: 11/43 MP: 5/5
  1891 | D:3      | Noticed an ogre
  1918 | D:3      | Killed an ogre
  2037 | D:3      | Reached skill level 5 in Fighting
  2054 | D:3      | Found a glowing golden altar of the Shining One.
  2065 | D:3      | Noticed Robin
  2080 | D:3      | Killed Robin
  2579 | D:3      | Reached XP level 6. HP: 25/51 MP: 6/6
  2980 | D:4      | Reached skill level 4 in Maces & Flails
  3133 | D:4      | Found a sand-covered staircase.
  3143 | Ossuary  | Entered an ossuary
  3177 | Ossuary  | HP: 6/51 [mummy (14)]
  3180 | D:4      | Mangled by a mummy

Levels and vault maps discovered:
D:1:      scummos_arrival_simple_crosswalls, layout_rooms
D:2:      layout_basic, chequers_temple_overflow_minitemple
D:3:      layout_loops_cross, tso_metal_star, st_stairs_6,
          minmay_misc_feat_secret_circle, uniq_robin
D:4:      lemuel_castle_with_subvaults [lemuel_castle_interior_carwin_2],
          layout_rooms, gup_ossuary_entry_pyramid, corexii_hall_statues_i

Skill      XL: |  1  2  3  4  5  6 |
---------------+-------------------+-----
Maces & Flails | 2 3 4 |  4.1
Fighting       | 4 5 |  5.5
Armour         | |  2.4
Dodging        | |  0.2
Shields        | |  2.4

Action                   |  1- 3 |  4- 6 || total
-------------------------+-------+-------++-------
Melee: Flail             |    44 |       ||    44
       Dagger            |    67 |   106 ||   173
       Club              |       |   105 ||   105
  Use: Scroll            |     4 |     3 ||     7
Armor: Scale mail        |    55 |    82 ||   137
Dodge: Dodged            |    34 |    54 ||    88
Block: Shield            |    55 |   119 ||   174

Table legend:
 A = Non-vault XP
 B = Vault XP
 C = Vault XP percentage of total XP
 D = Non-vault monster count
 E = Vault monster count
 F = Vault count percentage of total count
                 A         B        C        D         E       F
            +---------+---------+-------+---------+---------+-------
      Total |     470 |      73 |  13.4 |      68 |      17 |  20.0
            +---------+---------+-------+---------+---------+-------
        D:1 |      40 |       0 |   0.0 |      20 |       0 |   0.0
        D:2 |      98 |       0 |   0.0 |      21 |       0 |   0.0
        D:3 |     260 |      33 |  11.3 |      26 |      10 |  27.8
        D:4 |      72 |      37 |  33.9 |       1 |       4 |  80.0
    Ossuary |       0 |       3 | 100.0 |       0 |       3 | 100.0
            +---------+---------+-------+---------+---------+-------

Levels and vault maps discovered:
D:1:      scummos_arrival_simple_crosswalls, layout_rooms
D:2:      layout_basic, chequers_temple_overflow_minitemple
D:3:      layout_loops_cross, tso_metal_star, st_stairs_6,
          minmay_misc_feat_secret_circle, uniq_robin
D:4:      lemuel_castle_with_subvaults [lemuel_castle_interior_carwin_2],
          layout_rooms, gup_ossuary_entry_pyramid, corexii_hall_statues_i

Table legend:
 A = Turns spent in this place as a percentage of turns spent in the entire game.
 B = Non-inter-level travel turns spent in this place as a percentage of non-inter-level travel turns spent in the entire game.
 C = Inter-level travel turns spent in this place as a percentage of turns spent in this place.
 D = Turns resting spent in this place as a percentage of non-inter-level travel turns spent in this place.
 E = Turns spent auto-exploring this place as a percentage of non-inter-level travel turns spent in this place.
 F = Non-inter-level travel turns spent in this place divided by the number of levels of this place that you've seen.
                   A       B       C       D       E      F
               +-------+-------+-------+-------+-------+----------------------
         Total | 100.0 | 100.0 |   1.7 |  37.2 |  42.5 | 625.2
       Dungeon |  98.9 |  98.8 |   1.7 |  37.6 |  42.9 | 772.5
       Ossuary |   1.1 |   1.2 |   0.0 |   0.0 |   0.0 |  36.0
               +-------+-------+-------+-------+-------+----------------------

Table legend:
 A = Kills in this place as a percentage of kills in entire the game.
 B = Kills by you in this place as a percentage of kills by you in the entire game.
 C = Kills by friends in this place as a percentage of kills by friends in the entire game.
 D = Other kills in this place as a percentage of other kills in the entire game.
 E = Experience gained in this place as a percentage of experience gained in the entire game.
 F = Experience gained in this place divided by the number of levels of this place that you have seen.
                   A       B       C       D       E      F
               +-------+-------+-------+-------+-------+----------------------
         Total | 100.0 | 100.0 |   N/A |   N/A | 100.0 | 108.6
       Dungeon |  96.5 |  96.5 |   N/A |   N/A |  99.4 | 135.0
       Ossuary |   3.5 |   3.5 |   N/A |   N/A |   0.6 |   3.0
               +-------+-------+-------+-------+-------+----------------------
